 Dungeon Crawl Stone Soup version 0.27.1-2-g3b301248ec (webtiles) character file.

Game seed: 17697608130446680890

326 SibleyIrresistible the Zephyrmancer (level 6, 0/37 HPs)
             Began as a Tengu Air Elementalist on Sept 26, 2021.
             Slain by a wyvern zombie (7 damage)
             ... on level 4 of the Dungeon.
             The game lasted 00:12:23 (4347 turns).

SibleyIrresistible the Zephyrmancer (TeAE)          Turns: 4347, Time: 00:12:25

Health: 0/37       AC:  3    Str:  9    XL:     6   Next: 49%
Magic:  0/10       EV: 14    Int: 17    God:
Gold:   108        SH:  0    Dex: 14    Spells: 8/9 levels left

rFire    . . .     SeeInvis .   (no weapon)
rCold    . . .     Faith    .   (no shield)
rNeg     . . .     Spirit   .   l - +0 robe
rPois    .         Reflect  .   (helmet restricted)
rElec    .         Harm     .   (no cloak)
rCorr    .         Rampage  .   j - +0 pair of gloves
Will     .....                  (boots unavailable)
Stlth    ++........             (no amulet)
HPRegen  0.12/turn              (no ring)
MPRegen  0.12/turn              (no ring)

@: flying quickly and evasively, quick
A: beak, talons 3, nimble flight
a: no special abilities


You were on level 4 of the Dungeon.
You visited 1 branch of the dungeon, and saw 4 of its levels.

You collected 108 gold pieces.

Inventory:

Armour
 j - a +0 pair of gloves (worn)
 l - a +0 robe (worn)
Scrolls
 b - a scroll of amnesia {unknown}
 c - 2 scrolls of teleportation {unknown}
 d - 5 scrolls of identify {unknown}
 h - 2 scrolls of noise {unknown}
 n - a scroll of enchant armour {unknown}
 o - a scroll of blinking {unknown}
Potions
 a - a potion of invisibility {unknown}
 e - a potion of cancellation {unknown}
 f - 2 potions of heal wounds {unknown}
 g - 2 potions of brilliance {unknown}
 i - 2 potions of flight {unknown}
 k - a potion of lignification {unknown}
 m - 2 potions of haste {unknown}


   Skills:
 + Level 3.3 Fighting
 - Level 2.1 Dodging
 - Level 2.0 Stealth
 - Level 2.0 Spellcasting
 - Level 1.3 Conjurations
 * Level 8.0 Air Magic


You had 8 spell levels left.
You knew the following spells:

 Your Spells              Type           Power      Damage    Failure   Level
a - Shock                 Conj/Air       68%        1d7       2%          1

Your spell library contained the following spells:

 Spells                   Type           Power      Damage    Failure   Level
 Swiftness                Air            29%        N/A       2%          3
 Static Discharge         Conj/Air       17%        N/A       4%          2
 Airstrike                Air            14%        N/A       7%          4


Dungeon Overview and Level Annotations

Branches:
Dungeon (4/15)
 Temple: D:4-7

Altars:
Elyvilon
The Shining One


Innate Abilities, Weirdness & Mutations

You have a beak for a mouth.
You have claws for feet.
Your magical nature lets you fly swiftly and evasively.


Message History

Casting: Shock (safe; 3% risk of failure)
Confirm with . or Enter, or press ? or * to list all spells.
Aiming: Shock (safe; 3% risk of failure)
Press: ? - help, Shift-Dir - straight line, f/p - black bear
Aim: a black bear (almost dead, 79% to hit)
The zap misses the black bear.
The zap hits the black bear.
You kill the black bear!
A black bear comes into view.
The wyvern zombie misses you.
Your Air Magic skill increases to level 8!
Casting: Shock (safe; 2% risk of failure)
Confirm with . or Enter, or press ? or * to list all spells.
Aiming: Shock (safe; 2% risk of failure)
Press: ? - help, Shift-Dir - straight line The zap hits the wyvern zombie.
The wyvern zombie is lightly damaged.
The zap hits the wyvern zombie.
The wyvern zombie is lightly damaged.
The black bear growls angrily.
The wyvern zombie barely misses you.
Casting: Shock (safe; 2% risk of failure)
Confirm with . or Enter, or press ? or * to list all spells.
Aiming: Shock (safe; 2% risk of failure)
Press: ? - help, Shift-Dir - straight line The zap hits the wyvern zombie.
The wyvern zombie is lightly damaged.
The zap hits the wyvern zombie.
The wyvern zombie is moderately damaged.
The wyvern zombie bites you.
Casting: Shock (safe; 2% risk of failure)
Confirm with . or Enter, or press ? or * to list all spells.
You don't have enough magic to cast this spell.
Unknown command.
You hit the wyvern zombie but do no damage.
You claw the wyvern zombie.
The wyvern zombie is moderately damaged.
The wyvern zombie bites you!
* * * LOW HITPOINT WARNING * * *
The wyvern zombie bites you!
You die...

#. ... ....
#..(. ......
#......
###.......
##.Z†#
##.@###.#
###..#....#
#####.)....####
#..........#
#..........#
#.....(....#
#...)......#
#..........#
#..........#


You could see a wyvern zombie.

Vanquished Creatures
  A black bear (D:4)
  A scorpion (D:3)
  A jelly (D:3)
  An orc wizard (D:3)
  Robin (D:3)
  2 adders (D:3)
  3 worms (D:2)
  4 orcs
  6 endoplasms
  A giant cockroach (D:2)
  5 hobgoblins
  10 jackals
  2 quokkas
  6 ball pythons
  3 bats
  A frilled lizard (D:1)
  16 goblins
  5 kobolds
  5 rats
74 creatures vanquished.

Notes
Turn   | Place    | Note
-------+----------+-------------------------------------------
     0 | D:1      | SibleyIrresistible the Tengu Air Elementalist began the
                  | quest for the Orb.
     0 | D:1      | Reached XP level 1. HP: 10/10 MP: 4/4
    96 | D:1      | Reached XP level 2. HP: 11/16 MP: 0/6
   390 | D:1      | Found a faded altar of an unknown god.
   397 | D:1      | Reached skill level 1 in Fighting
  1057 | D:2      | Reached skill level 5 in Air Magic
  1432 | D:2      | Reached XP level 3. HP: 17/20 MP: 1/7
  2690 | D:3      | Reached XP level 4. HP: 14/26 MP: 0/8
  2737 | D:3      | Reached skill level 6 in Air Magic
  3109 | D:3      | Noticed Robin
  3113 | D:3      | Killed Robin
  3114 | D:3      | Gained mutation: Your magical nature lets you fly swiftly
                  | and evasively. [Tengu growth]
  3114 | D:3      | Reached XP level 5. HP: 19/30 MP: 4/9
  3815 | D:3      | Reached skill level 7 in Air Magic
  3815 | D:3      | Reached XP level 6. HP: 19/36 MP: 4/10
  4137 | D:3      | Found a glowing golden altar of the Shining One.
  4187 | D:3      | Found a white marble altar of Elyvilon.
  4334 | D:4      | Noticed a black bear
  4343 | D:4      | Killed a black bear
  4343 | D:4      | Noticed a black bear
  4344 | D:4      | Reached skill level 8 in Air Magic
  4347 | D:4      | Slain by a wyvern zombie

Illustrated notes

Levels and vault maps discovered:
D:1:      psy_arrival_radial02, layout_basic,
          hellmonk_ecumenical_altar_lost_god, minmay_box_of_dots
D:2:      cheibrodos_helix_gallery, layout_basic
D:3:      minmay_angry_zag, layout_rooms, mainiacjoe_overflow_swirl, uniq_robin
D:4:      layout_rooms

Skill      XL: |  1  2  3  4  5  6 |
---------------+-------------------+-----
Fighting       | 1 2 3 |  3.3
Air Magic      | 5 6 7 8 |  8.0
Dodging        | |  2.1
Stealth        | |  2.0
Spellcasting   | |  2.0
Conjurations   | |  1.3

Action                   |  1- 3 |  4- 6 || total
-------------------------+-------+-------++-------
Melee: Unarmed           |    35 |    31 ||    66
       Kick              |     6 |    10 ||    16
       Peck              |     6 |     7 ||    13
 Cast: Shock             |   104 |    74 ||   178
 Stab: Sleeping          |     1 |       ||     1
Armor: Robe              |     8 |     6 ||    14
Dodge: Dodged            |    29 |    31 ||    60
